 Dungeon Crawl Stone Soup version 0.23.2-1-ga50397a6bc (webtiles) character file.

Game seed: 17455690803603719050

52 Mrkan the Sneak (level 3, 0/18 HPs)
             Began as a Spriggan Assassin on May 18, 2019.
             Slain by an ogre
             ... wielding a +0 giant club
              (14 damage)
             ... on level 4 of the Dungeon.
             The game lasted 00:04:01 (1541 turns).

Mrkan the Sneak (Spriggan Assassin)                 Turns: 1541, Time: 00:04:02

Health: 0/18       AC:  3    Str:  7    XL:     3   Next: 60%
Magic:  4/4        EV: 18    Int: 12    God:
Gold:   89         SH:  0    Dex: 18    Spells: 2/2 levels left

rFire    . . .     SeeInvis +   a - +2 dagger
rCold    . . .     Gourm    .   (shield restricted)
rNeg     . . .     Faith    .   c - +0 robe
rPois    .         Spirit   .   (helmet restricted)
rElec    .         Reflect  .   d - +0 cloak
rCorr    .         Harm     .   (gloves unavailable)
MR       .....                  (boots unavailable)
Stlth    ++++......             (no amulet)
HPRegen  0.06/turn              (no ring)
MPRegen  0.09/turn              (no ring)

@: very quick
A: very small, unfitting armour, see invisible, herbivore, speed 3, slow
metabolism 2
a: no special abilities


You were on level 4 of the Dungeon.
You were not hungry.

You visited 1 branch of the dungeon, and saw 4 of its levels.

You collected 89 gold pieces.

Inventory:

Hand Weapons
 a - a +2 dagger (weapon)
 b - a +0 blowgun
Missiles
 e - 8 poisoned needles
 f - 2 curare-tipped needles
Armour
 c - a +0 robe (worn)
 d - a +0 cloak (worn)
 l - +0 gold dragon scales
Jewellery
 o - an uncursed ring of ice {unknown}
Scrolls
 h - 5 scrolls of identify {unknown}
 j - a scroll of noise {unknown}
 k - a scroll of fear {unknown}
 n - a scroll of amnesia {unknown}
 r - a scroll of remove curse {unknown}
Potions
 i - a potion of invisibility {unknown}
 m - a potion of degeneration {unknown}
 p - a potion of flight {unknown}
 q - a potion of heal wounds {unknown}
 s - a potion of curing {unknown}
Comestibles
 g - 4 rations


   Skills:
 - Level 1.5 Fighting
 * Level 3.3 Short Blades
 - Level 2.0 Throwing
 + Level 2.7 Dodging
 * Level 6.8 Stealth


You had 2 spell levels left.
You didn't know any spells.
Your spell library was empty.

Dungeon Overview and Level Annotations

Branches:
Dungeon (4/15)
 Temple: D:4-7

Altars:

Shops:
D:4 %


Innate Abilities, Weirdness & Mutations

You are very small and have problems with some larger weapons.
You are too small for most types of armour.
You have supernaturally acute eyesight. (SInv)
You are a herbivore.
You cover ground extremely quickly.
You need to consume almost no food.


Message History

4 orcs and an orc warrior come into view.
The orc shouts! x3
Found a viscous brown potion.
Found 8 gold pieces.
Things that are here:
a +0 club; an orc corpse
There is a stone staircase leading down here.
You climb downwards.
There is a stone staircase leading up here.
You now have 89 gold pieces (gained 16).
An ogre comes into view. It is wielding a +0 giant club.
Found 25 stones.
You open the door.
There is an open door here.
An ogre comes into view. It is wielding a +0 giant club.
Found Butux's Food Boutique.
The ogre shouts!
The ogre hits you with a +0 giant club!
Ouch! That really hurt!
You die...

##.# #.#####.# ...#
##.......# # ####
##...###### .#
##.....## ######.##
#..(....###.$......
#.........##.#...###
+.........'.........
#.........##.8...###
##.......###@.#^..#
##.....## #O.# #?#
##...## #.∩# # ##+#
#... ##.## 8# .# .#


You could see an ogre.

Vanquished Creatures
  An ooze (D:1)
  A dart slug (D:1)
  A leopard gecko (D:2)
  An orc (D:3)
  A ball python (D:2)
  2 bats
  A giant cockroach (D:1)
  3 goblins
  6 hobgoblins
  3 jackals (D:1)
  5 kobolds
  12 frilled lizards
  8 rats
45 creatures vanquished.

Notes
Turn   | Place    | Note
-------+----------+-------------------------------------------
     0 | D:1      | Mrkan the Spriggan Assassin began the quest for the Orb.
     0 | D:1      | Reached XP level 1. HP: 10/10 MP: 2/2
    46 | D:1      | Reached skill level 6 in Stealth
    58 | D:1      | Reached XP level 2. HP: 11/14 MP: 3/3
   783 | D:2      | Reached XP level 3. HP: 14/18 MP: 4/4
  1378 | D:3      | Noticed an orc warrior
  1442 | D:4      | Noticed an ogre
  1538 | D:4      | Found Butux's Food Boutique.
  1538 | D:4      | Noticed an ogre
  1541 | D:4      | Slain by an ogre

Skill      XL: |  1  2 |
---------------+-------+-----
Stealth        | 6 |  6.8
Dodging        | 2 |  2.7
Short Blades   | 3 |  3.3
Fighting       | |  1.5
Throwing       | |  2.0

Action                   || total
-------------------------++-------
Melee: Dagger            ||   165
 Stab: Sleeping          ||     9
Armor: Robe              ||    11
       Gold dragon scale ||    11
Dodge: Dodged            ||   104
